 Dungeon Crawl Stone Soup version bcrawl-1.29.2 (console) character file.

Game seed: 8602133946064903251

97164 GodsVoicemail the Conjurer (level 3, -2/26 HPs)
             Began as a Demonspawn Wizard on Feb 19, 2021.
             Slain by a hobgoblin (3 damage)
             ... on level 3 of the Dungeon.
             The game lasted 00:13:41 (2221 turns).

GodsVoicemail the Conjurer (Demonspawn Wizard)      Turns: 2221, Time: 00:13:42

Health: -2/26      AC:  3    Str:  7    XL:     3   Next: 82%
Magic:  1/7        EV: 12    Int: 22    God:
Gold:   186        SH:  0    Dex: 11    Spells: 0/8 levels left

rFire    . . .     SeeInvis .   a - +3 whip (flame)
rCold    . . .     Gourm    .   (no shield)
rNeg     . . .     Faith    .   b - +0 robe
rPois    .         Spirit   .   c - +0 hat
rElec    .         Reflect  .   q - +0 cloak
rCorr    .         Harm     .   (no gloves)
MR       .....                  (no boots)
Stlth    ++........             (no amulet)
HPRegen  0.08/turn              h - ring of wizardry
MPRegen  0.10/turn              (no ring)

@: no status effects
A: antennae 1, fangs 1, clever 1, powered by pain 1, robust 1
a: no special abilities


You were on level 3 of the Dungeon.
You were hungry.

You visited 1 branch of the dungeon, and saw 3 of its levels.

You collected 186 gold pieces.

Inventory:

Hand Weapons
 a - a +3 whip of flaming (weapon)
 g - a +0 staff
 s - a cursed -2 short sword
Armour
 b - a +0 robe (worn)
 c - a +0 hat (worn)
 q - a +0 cloak (worn)
Jewellery
 h - a ring of wizardry (left hand)
 j - an uncursed amulet of magic regeneration {unknown}
Scrolls
 d - 3 scrolls of fog
 k - 3 scrolls of immolation
 p - a scroll of magic mapping
Potions
 f - a potion of brilliance
 m - a potion of heal wounds {unknown}
 n - a potion of mutation
Comestibles
 e - a ration {!d}


   Skills:
 - Level 1.7 Dodging
 - Level 2.0 Stealth
 - Level 3.0 Spellcasting
 * Level 3.8 Conjurations
 - Level 1.0 Summonings
 - Level 0.8 Translocations


You couldn't memorise any spells.
You knew the following spells:

 Your Spells              Type           Power        Failure   Level  Hunger
a - Magic Dart            Conj           ###.         1%          1    None
b - Blink                 Tloc           N/A          5%          2    #......
c - Call Imp              Summ           #.....       4%          2    #......
d - Mephitic Cloud        Conj/Pois/Air  #.......     9%          3    ####...

Your spell library contained the following spells:

 Spells                   Type           Power        Failure   Level  Hunger
 Conjure Flame            Conj/Fire      ##......     7%          3    ####...
 Spider Form              Tmut/Pois      #..          16%         3    ####...


Dungeon Overview and Level Annotations

Branches:
Dungeon (3/12)

Altars:

Annotations:
D:1 exclusion: worm
D:3 Grinder


Innate Abilities, Weirdness & Mutations

You have a pair of small antennae on your head.
You sometimes gain a little power by taking damage.
You have very sharp teeth.
Your mind is acute. (Int +2)
You are robust. (+10% HP)


Message History

Grinder hits you. The hobgoblin hits you. Grinder gestures at you.
You shrug off the repeated paralysis!
The hobgoblin hits you but does no damage.
Your crimson imp disappears in a puff of smoke!
Grinder gestures at you.
You barely resist. The hobgoblin barely misses you.
You can move again.
It was a potion of mutation.
You feel extremely strange.
Your teeth lengthen and sharpen.
You feel clever.
You feel robust. Grinder hits you.
You writhe in agony.
* * * LOW HITPOINT WARNING * * *
The hobgoblin hits you.
* * * LOW HITPOINT WARNING * * *
It was a potion of curing.
You feel better. Grinder hits you.
* * * LOW HITPOINT WARNING * * *
You writhe in agony.
* * * LOW HITPOINT WARNING * * *
The hobgoblin barely misses you. The hobgoblin hits you.
You die...

,,,,,,,,,,,* *,,****,,,*,*
******,,,,>* *..#***,,,*,*
***#.#**,* #..#*,,,,,,,*****
*,,...,,,* #..#*,,,,,,,,,,,,
#,##.#*,,* #..#*,,,,,,,,,,,, #
#.##.#*,,* #..#***,,,*,*****
###.##.#*,,* #..#*,,,,,,,* *
.......#*..######..#*,#****,* *
#.###..#*.....>g@g.##.#**##,**
##.##.<#*.#######5r...#*...,,****
#.###.##*<* ##.##.##>..,,,,,*
......# *,* ##...#.#..,,,,,,,*
###.### *,* #5###.....,,,,**** #
#.# *,* #.# *..#..,,,,* #.#****,*
#.###..#*,*,*** #..,,,,,*
##.†5..#*,*,* ###******
##.#!K#*,*,***


You could see Grinder, a quokka and 2 hobgoblins.

Vanquished Creatures
  An ooze (D:2)
  A dart slug (D:2)
  2 leopard geckos (D:1)
  A giant cockroach (D:1)
  3 goblins (D:1)
  8 hobgoblins
  7 jackals (D:1)
  A quokka (D:2)
  2 bats
  3 frilled lizards
  9 kobolds
  2 rats
40 creatures vanquished.

Vanquished Creatures (collateral kills)
  An adder (D:3)
1 creature vanquished.

Grand Total: 41 creatures vanquished

Notes
Turn   | Place    | Note
-------+----------+-------------------------------------------
     0 | D:1      | GodsVoicemail the Demonspawn Wizard began the quest for the
                  | Orb.
     0 | D:1      | Reached XP level 1. HP: 13/13 MP: 4/4
   147 | D:1      | You fall into a shaft and drop 1 floor!
   353 | D:1      | Gained mutation: You have a pair of small antennae on your
                  | head. [demonic ancestry]
   353 | D:1      | Reached XP level 2. HP: 7/19 MP: 0/6
   689 | D:1      | Learned a level 2 spell: Blink
   692 | D:1      | Learned a level 2 spell: Call Imp
  1308 | D:1      | Gained mutation: You sometimes gain a little power by
                  | taking damage. [demonic ancestry]
  1308 | D:1      | Reached XP level 3. HP: 24/24 MP: 5/7
  1312 | D:1      | Learned a level 3 spell: Mephitic Cloud
  2201 | D:3      | Noticed Grinder
  2216 | D:3      | Paralysed by Grinder for 4 turns
  2220 | D:3      | Gained mutation: You have very sharp teeth. [potion of
                  | mutation]
  2220 | D:3      | Gained mutation: Your mind is acute. (Int +2) [potion of
                  | mutation]
  2220 | D:3      | Gained mutation: You are robust. (+10% HP) [potion of
                  | mutation]
  2221 | D:3      | HP: 1/26 [Grinder (5)]
  2221 | D:3      | Slain by a hobgoblin

Skill      XL: |  1  2 |
---------------+-------+-----
Conjurations   | 2 3 |  3.8
Dodging        | |  1.7
Stealth        | |  2.0
Spellcasting   | |  3.0
Summonings     | |  1.0
Translocations | |  0.8

Action                   || total
-------------------------++-------
Melee: Staff             ||    15
 Cast: Magic Dart        ||   101
       Mephitic Cloud    ||     1
       Call Imp          ||     1
  Use: Scroll            ||     6
       Potion            ||     2
  Eat: Chunk             ||     6
Armor: Robe              ||     9
Dodge: Dodged            ||    47
